 Dungeon Crawl Stone Soup version 0.30-a0-930-gb9d0489357 (webtiles) character file.

Game seed: 5787338068706398275

113752 lunkers the Tortoise (level 17, -1/160 HPs)
             Began as a Meteoran Reaver on Mar 23, 2023.
             Was a High Priest of Okawaru.
             Killed from afar by a nagaraja (16 damage)
             ... with a bolt of poison
             ... on level 4 of the Snake Pit.
             The game lasted 00:55:10 (10097 turns).

lunkers the Tortoise (Meteoran Reaver)             Turns: 10097, Time: 00:55:11

Health: -1/160     AC: 51    Str: 22    XL:     17   Next: 35%
Magic:  33/33      EV: 14    Int: 16    God:    Okawaru [*****.]
Gold:   1103       SH: 10    Dex: 25    Spells: 21/21 levels left

rFire   + + .      SeeInvis .    a - +12 whip of Kismet {drain, *Corrode rPois rF++}
rCold   . . .      Faith    .    E - +2 buckler "Wokluil" {rN+ Str+4}
rNeg    + . .      Spirit   .    M - +9 crystal plate armour of Nopre {Dex+3}
rPois   +          Reflect  .    s - +0 helmet
rElec   +          Rampage  ∞    A - scarf of Gluttony {repulsion, +Blink rElec Will++ MP+9}
rCorr   .                        t - +0 pair of gloves
Will    ++++.                    L - +3 pair of seven-league boots {Rampage+∞} Stlth
                                 g - amulet of magic regeneration
HPRegen 0.46/turn                c - +6 ring of dexterity
MPRegen 0.63/turn                N - +4 ring of protection

@: lethally poisoned (-1 -> -36), about to teleport, heroic, slowed, glowing,
constricted, repel missiles, very slow
A: sense surroundings 2, otherworldly, glowing, explore regen
}: 1/15 runes: barnacled
a: Renounce Religion, Evoke Blink, Heroism, Finesse, Duel


You were on level 4 of the Snake Pit.
You worshipped Okawaru.
Okawaru was extremely pleased with you.
You visited 4 branches of the dungeon, and saw 22 of its levels.

You collected 1393 gold pieces.
You spent 290 gold pieces at shops.

Inventory:

Hand Weapons
 a - the +12 whip of Kismet (weapon) {drain, *Corrode rPois rF++}
   (You found it on level 4 of the Dungeon)

   rF:        It greatly protects you from fire.
   rPois:     It protects you from poison.
   *Corrode:  It may corrode you when you take damage.
 b - the +8 morningstar of the Summoning King {freeze, Dex+6 Stlth-}
   (Okawaru gifted it to you on level 3 of the Snake Pit)

   Dex:       It affects your dexterity (+6).
   Stlth:     It makes you less stealthy.
 x - a +4 demon whip of venom
Missiles
 B - 8 atropa-tipped darts
 O - 3 throwing nets
 Q - 3 silver boomerangs
 S - a curare-tipped dart
 U - 2 silver javelins
Armour
 e - the +4 ring mail of Gravity {Fly rElec rCorr}
   (You found it on level 2 of the Dungeon)

   rElec:     It insulates you from electricity.
   Fly:       It grants you flight.
   rCorr:     It protects you from acid and corrosion.
 s - a +0 helmet (worn)
 t - a +0 pair of gloves (worn)
 A - the scarf of Gluttony (worn) {repulsion, +Blink rElec Will++ MP+9}
   (You bought it in a shop on level 8 of the Dungeon)

   rElec:     It insulates you from electricity.
   MP:        It affects your magic capacity (+9).
   +Blink:    It lets you blink.
   Will:      It greatly increases your willpower.
 E - the +2 buckler "Wokluil" (worn) {rN+ Str+4}
   (Okawaru gifted it to you on level 2 of the Lair of Beasts)

   Str:       It affects your strength (+4).
   rN:        It protects you from negative energy.
 G - +0 fire dragon scales
 H - the +0 tower shield of Okawaru's Grace {rElec Str+3}
   (Okawaru gifted it to you on level 5 of the Lair of Beasts)

   Str:       It affects your strength (+3).
   rElec:     It insulates you from electricity.
 L - the +3 pair of seven-league boots (worn) {Rampage+∞}
   (You found it on level 5 of the Lair of Beasts)

   Rampage+∞: When moving toward enemies, its wearer moves as far as possible.
 M - the +9 crystal plate armour of Nopre (worn) {Dex+3}
   (Okawaru gifted it to you on level 5 of the Lair of Beasts)

   Dex:       It affects your dexterity (+3).
Jewellery
 c - a +6 ring of dexterity (left hand)
 g - an amulet of magic regeneration (around neck)
 n - a ring of flight
 q - a ring of fire
 y - an amulet of faith
 F - a ring of positive energy
 N - a +4 ring of protection (right hand)
Wands
 i - a wand of flame (18)
 r - a wand of digging (3)
 J - a wand of iceblast (8)
 P - a wand of light (4)
Scrolls
 d - 2 scrolls of blinking
 j - 2 scrolls of teleportation
 l - a scroll of identify
 o - 4 scrolls of butterflies
 w - 2 scrolls of amnesia
 D - 3 scrolls of fear
 I - 4 scrolls of vulnerability
 K - 3 scrolls of immolation
 R - a scroll of enchant armour
 X - a scroll of fog
 Y - a scroll of poison
Potions
 f - 7 potions of ambrosia
 h - 2 potions of brilliance
 k - 2 potions of curing
 m - a potion of mutation
 p - 2 potions of might
 u - 6 potions of attraction
 v - 2 potions of lignification
 z - a potion of berserk rage
 C - 4 potions of heal wounds
 V - a potion of haste
 W - a potion of cancellation
Miscellaneous
 T - a lightning rod (1/4)
 Z - a box of beasts


   Skills:
 + Level 16.8(21.8) Fighting
 - Level 6.0(11.0) Long Blades
 + Level 12.7(17.7) Maces & Flails
 * Level 19.1(24.1) Armour
 - Level 13.7(18.7) Dodging
 - Level 5.0(10.0) Shields
 - Level 2.6 Spellcasting
 - Level 3.6 Conjurations
 - Level 8.0 Invocations
 + Level 8.0 Evocations


You had 21 spell levels left.
You didn't know any spells.
Your spell library contained the following spells:

 Spells                   Type           Power      Damage    Failure   Level
 Kiss of Death            Conj/Necr      28%        2d7       82%         1
 Momentum Strike          Conj/Tloc      14%        3d8       91%         2
 Beastly Appendage        Tmut           4%         N/A       96%         1
 Sublimation of Blood     Necr           2%         N/A       99%         2
 Wereblood                Tmut           2%         N/A       99%         2
 Hailstorm                Conj/Ice       7%         3d4       99%         3
 Ignite Poison            Fire/Tmut/Pois 2%         N/A       100%        3
 Inner Flame              Hex/Fire       2%         N/A       100%        3
 Kindle Blastsparks       Fire/Tloc/Air  4%         2d10      100%        3
 Spider Form              Tmut/Pois      2%         N/A       100%        3
 Anguish                  Hex/Necr       1%         N/A       100%        4
 Cause Fear               Hex            1%         N/A       100%        4
 Leda's Liquefaction      Hex/Erth       1%         N/A       100%        4
 Blade Hands              Tmut           1%         N/A       100%        5
 Freezing Cloud           Conj/Ice/Air   3%         6-21      100%        5
 Lee's Rapid Deconstruct  Erth           1%         3d4*      100%        5
 Iron Shot                Conj/Erth      3%         9d2       100%        6
 Statue Form              Tmut/Erth      1%         N/A       100%        6
 Storm Form               Tmut/Air       1%         N/A       100%        7
 Discord                  Hex            1%         N/A       100%        8
 Maxwell's Capacitive Co  Air            1%         ∞         100%        8
 Animate Armour           Summ/Erth      Unusable   N/A       N/A         4
 Summon Lightning Spire   Summ/Air       Unusable   N/A       N/A         4
 Summon Hydra             Summ           Unusable   N/A       N/A         7

Dungeon Overview and Level Annotations

Branches:
Dungeon (9/15) Zot: 1632     Lair (5/5) D:9 Zot: 538  Shoals (4/4) Lair:2 Zot: 1340
  Snake (4/4) Lair:3 Zot: 625   Slime (0/5) Lair:5
 Temple: D:4-7          Orc: D:9-12

Altars:
Cheibriados
Fedhas
Gozag
Nemelex Xobeh
Okawaru
Qazlal
Wu Jian
Yredelemnul
Jiyva

Shops:
D:8 [

Annotations:
D:9 3 runed translucent doors, howech's ghost, novice MiGl
Shoals:1 1 transporter, exclusion: orange crystal statue


Innate Abilities, Weirdness & Mutations

You passively map the area around you.
You are easily found by Zot.
You glow in the dark.
You regain HP and MP as you explore.


Message History

The nagaraja is almost dead.
You feel extremely sick.
The naga mage looks more healthy.
The nagaraja hits you from afar with a +0 spear!
* * * LOW HITPOINT WARNING * * *
The naga mage spits poison at you. You block the splash of poison.
You block the naga mage's attack. The naga mage constricts you.
* * * LOW HITPOINT WARNING * * *
The salamander hits you from afar with a +0 spear.
* * * LOW HITPOINT WARNING * * *
You are engulfed in flames.
You resist.
* * * LOW HITPOINT WARNING * * *
The nagaraja hits you but does no damage.
The naga mage gestures at you while chanting.
The bolt of poison hits you.
You are more poisoned.
You resist.
* * * LOW HITPOINT WARNING * * *
The nagaraja points at you and mumbles some strange words.
The bolt of poison hits you. You resist.
* * * LOW HITPOINT WARNING * * *
The naga mage spits poison at you. You block the splash of poison.
The naga mage constricts you.
The naga mage points at the naga mage and mumbles some strange words.
The naga mage seems to grow toxic.
As you read the scroll of teleportation, it crumbles to dust.
You feel strangely unstable.
You feel extremely sick. You block the naga mage's attack.
The nagaraja hits you from afar with a +0 spear!!
* * * LOW HITPOINT WARNING * * *
The naga mage hits you but does no damage.
The naga mage constricts you. The naga mage completely misses you.
You block the nagaraja's attack.
The nagaraja gestures at you while chanting.
The bolt of poison hits you!
You are more poisoned.
You resist.
You die...

#...# ,*, , , ,,,, , , ##..# *,
.........., ,, #...## , ,,,
.N...#N. . ....##. ,,,
,..N....#.., , ....##..
#NN....... , ,,, #...# #.. ,
,##N...⌠.... , #...# #...,
##.NNNN...#.. , #...#
#....##...N........ , ##..#
#.......#@N...#..., .#..#
#....#...)........ ,, , .'..#
###..#............ , * ##..#
####............,
....############...##...#######
...............[..............##
..............[).....###'###...##
....###N..###........#.NN..#.(..#
...##.#'###.##.......#.N...#.....


You could see 2 nagarajas, 2 naga warriors, a salamander (strong), 5 naga magi
and 2 nagas.

Vanquished Creatures
  2 sphinxes (Shoals:4)
  A nagaraja (Snake:3)
  A dire elephant (Lair:5)
  2 minotaurs (Shoals:4)
  A merfolk javelineer (Shoals:4)
  5 merfolk impalers
  A fire dragon (Lair:5)
  Fannar (Lair:3)
  A salamander tyrant (Snake:4)
  2 hydras (Lair:5)
  An alligator snapping turtle (Shoals:4)
  A merfolk avatar (Shoals:3)
  A catoblepas (Lair:2)
  A merfolk aquamancer (Shoals:1)
  2 boulder beetles
  9 satyrs
  3 anacondas
  7 naga warriors
  5 shock serpents
  7 naga sharpshooters
  3 salamander mystics (Snake:4)
  2 sea snakes (Shoals:4)
  A skyshark (Lair:3)
  6 naga ritualists
  A swamp dragon (Lair:5)
  6 harpies
  6 salamanders
  12 manticores
  8 mana vipers
  9 elephants (Lair:5)
  10 fauns
  18 black mambas
  4 water nymphs
  7 merfolk sirens
  11 naga magi
  3 cane toads
  2 torpor snails
  3 komodo dragons
  A queen bee (Lair:2)
  A wind drake (Shoals:4)
  18 merfolk
  10 polar bears
  A raiju (Lair:5)
  Grinder (D:4)
  18 blink frogs
  3 snapping turtles
  Prince Ribbit (Lair:2)
  A shadow (D:8)
  2 wyverns
  4 water elementals
  19 yaks
  3 basilisks
  6 steam dragons
  16 nagas
  4 wargs (Lair:5)
  4 acid dragons (Lair:5)
  4 water moccasins
  2 swamp drakes (Lair:5)
  16 hell hounds (Lair:5)
  An orc warrior (D:8)
  14 black bears
  2 ogres
  A sky beast (D:8)
  4 centaurs
  16 wolves
  3 kobold brigands
  6 bullfrogs
  A scorpion (D:7)
  3 wights (D:8)
  25 killer bees (Lair:2)
  5 howler monkeys
  2 electric eels (D:7)
  2 lava snakes (Lair:3)
  A hound (D:7)
  7 jellies
  3 orc priests
  3 sleepcaps
  4 iguanas (Lair:5)
  6 orc wizards
  Robin (D:4)
  3 adders
  An ufetubus (D:5)
  A worm (D:4)
  A dart slug (D:1)
  25 orcs
  6 endoplasms
  A giant cockroach (D:1)
  15 goblins
  9 hobgoblins
  4 jackals (D:1)
  3 quokkas
  7 ball pythons
  5 bats
  2 frilled lizards
  26 kobolds
  4 rats
524 creatures vanquished.

Vanquished Creatures (others)
  Asterion (Snake:3)
  An iguana (Lair:5)
  19 fungi
  60 plants
81 creatures vanquished.

Grand Total: 605 creatures vanquished

Notes
Turn   | Place    | Note
-------+----------+-------------------------------------------
     0 | D:1      | lunkers the Meteoran Reaver began the quest for the Orb.
     0 | D:1      | Reached XP level 1. HP: 17/17 MP: 5/5
    89 | D:1      | Reached XP level 2. HP: 21/24 MP: 6/6
   360 | D:1      | Reached XP level 3. HP: 28/29 MP: 8/8
   439 | D:1      | Reached skill level 5 in Long Blades
   495 | D:1      | Glimpsed the power of Zot.
   564 | D:2      | Identified the +4 ring mail of Gravity {Fly rElec rCorr}
   566 | D:2      | Reached XP level 4. HP: 35/36 MP: 9/9
   812 | D:2      | Identified the +4 chain mail of the Dice {rN+ Int+3}
  1126 | D:3      | Found a snail-covered altar of Cheibriados.
  1140 | D:3      | Found an iron altar of Okawaru.
  1149 | D:3      | Became a worshipper of Warmaster Okawaru
  1435 | D:3      | Noticed a black bear
  1444 | D:3      | Killed a black bear
  1445 | D:3      | Reached XP level 5. HP: 26/41 MP: 10/10
  1445 | D:3      | Reached XP level 6. HP: 30/48 MP: 11/11
  1568 | D:4      | Noticed Grinder
  1569 | D:4      | Found an ornate altar of the Wu Jian Council.
  1587 | D:4      | Killed Grinder
  1587 | D:4      | Reached * piety under Okawaru
  1588 | D:4      | Reached XP level 7. HP: 36/55 MP: 12/12
  1613 | D:4      | Identified the +12 whip of Kismet {drain, *Corrode rPois
                  | rF++}
  1646 | D:4      | Noticed Robin
  1668 | D:4      | Killed Robin
  1718 | D:5      | Entered Level 5 of the Dungeon
  1815 | D:5      | Found a basalt altar of Yredelemnul.
  1933 | D:5      | Found a stormy altar of Qazlal.
  1958 | D:5      | Reached XP level 8. HP: 61/61 MP: 13/13
  2152 | D:6      | Reached ** piety under Okawaru
  2298 | D:6      | Reached skill level 10 in Maces & Flails
  2440 | D:7      | Found a blossoming altar of Fedhas.
  2657 | D:7      | Found a sparkling altar of Nemelex Xobeh.
  2663 | D:7      | Gained mutation: You passively map the area around you.
                  | [Meteoran growth]
  2663 | D:7      | Reached XP level 9. HP: 67/67 MP: 14/14
  2770 | D:7      | Reached *** piety under Okawaru
  3093 | D:8      | Reached skill level 5 in Invocations
  3152 | D:8      | Reached skill level 1 in Armour
  3212 | D:8      | Reached **** piety under Okawaru
  3213 | D:8      | Reached skill level 2 in Armour
  3288 | D:8      | Reached XP level 10. HP: 80/80 MP: 15/15
  3332 | D:8      | Found Irunoips's Antique Armour Shop.
  3341 | D:8      | Bought a masterwork scarf for 290 gold pieces
  3341 | D:8      | Identified the scarf of Gluttony {repulsion, +Blink rElec
                  | Will++ MP+9} (You bought it in a shop on level 8 of the
                  | Dungeon)
  3488 | D:8      | Reached skill level 5 in Fighting
  3521 | D:9      | Reached skill level 3 in Armour
  3540 | D:8      | Received a gift from Okawaru
  3548 | D:9      | Noticed a fire dragon
  3548 | D:9      | Found a runed translucent gate.
  3548 | D:9      | Found an opulent altar of Gozag.
  3548 | D:9      | Found a runed translucent gate.
  3548 | D:9      | Found a runed translucent gate.
  3549 | D:9      | Noticed howech's ghost (novice MiGl)
  3631 | D:9      | Reached skill level 4 in Armour
  3652 | D:9      | Identified the +2 short sword of Death's Door {protect,
                  | rC++ Will+}
  3683 | D:9      | Reached skill level 5 in Dodging
  3727 | D:9      | Reached skill level 5 in Armour
  3752 | D:9      | Found a staircase to the Lair.
  3859 | D:9      | Reached ***** piety under Okawaru
  3892 | Lair:1   | Entered Level 1 of the Lair of Beasts
  3894 | Lair:1   | Noticed a boulder beetle
  3894 | Lair:1   | Noticed a black mamba
  3907 | Lair:1   | Killed a black mamba
  3924 | Lair:1   | Noticed a cane toad
  3928 | Lair:1   | Killed a boulder beetle
  3929 | Lair:1   | Reached skill level 6 in Armour
  3929 | Lair:1   | Reached XP level 11. HP: 41/92 MP: 17/17
  3970 | Lair:2   | Noticed Prince Ribbit
  3980 | Lair:2   | Reached skill level 7 in Armour
  3982 | Lair:2   | Killed Prince Ribbit
  4050 | Lair:2   | Reached skill level 8 in Armour
  4102 | Lair:2   | Reached ****** piety under Okawaru
  4118 | Lair:2   | Identified the +2 buckler "Wokluil" {rN+ Str+4} (Okawaru
                  | gifted it to you on level 2 of the Lair of Beasts)
  4118 | Lair:2   | Received a gift from Okawaru
  4159 | Lair:2   | Noticed a torpor snail
  4177 | Lair:2   | Killed a torpor snail
  4178 | Lair:2   | Reached skill level 1 in Shields
  4321 | Lair:3   | Reached XP level 12. HP: 104/104 MP: 18/18
  4332 | Lair:3   | Noticed a boulder beetle
  4358 | Lair:3   | Killed a boulder beetle
  4400 | Lair:3   | Noticed Fannar
  4403 | Lair:3   | Noticed a skyshark
  4471 | Lair:3   | Killed a skyshark
  4472 | Lair:3   | Reached skill level 9 in Armour
  4766 | Lair:5   | Entered Level 5 of the Lair of Beasts
  4870 | Lair:5   | Reached skill level 10 in Dodging
  4891 | Lair:5   | Noticed a fire dragon
  4900 | Lair:5   | Noticed a swamp dragon
  4911 | Lair:5   | Killed a fire dragon
  4924 | Lair:5   | Killed a swamp dragon
  4925 | Lair:5   | Reached skill level 10 in Fighting
  4925 | Lair:5   | Reached skill level 5 in Shields
  5004 | Lair:5   | Reached skill level 10 in Armour
  5019 | Lair:5   | Identified the +0 tower shield of Okawaru's Grace {rElec
                  | Str+3} (Okawaru gifted it to you on level 5 of the Lair of
                  | Beasts)
  5019 | Lair:5   | Received a gift from Okawaru
  5043 | Lair:5   | Reached XP level 13. HP: 43/114 MP: 20/20
  5089 | Lair:5   | Noticed a dire elephant
  5111 | Lair:5   | Killed a dire elephant
  5201 | Lair:5   | Identified the +5 falchion of the Valley {freeze, rPois
                  | MP-9 Str+6 SInv}
  5381 | Lair:5   | Noticed a seven-headed hydra
  5402 | Lair:5   | Killed a seven-headed hydra
  5462 | Lair:5   | Received a gift from Okawaru
  5549 | Lair:5   | Noticed a six-headed hydra
  5552 | Lair:5   | Found the +3 pair of seven-league boots {Rampage+∞}
  5563 | Lair:5   | Killed a six-headed hydra
  5591 | Lair:5   | Identified the +3 leather armour of Lugonu's Displeasure
                  | {rCorr}
  5619 | Lair:5   | Identified the +9 crystal plate armour of Nopre {Dex+3}
                  | (Okawaru gifted it to you on level 5 of the Lair of Beasts)
  5619 | Lair:5   | Received a gift from Okawaru
  5772 | Lair:5   | Found a staircase to the Slime Pits.
  5772 | Lair:5   | Found a viscous altar of Jiyva.
  5888 | Lair:3   | Killed Fannar
  5889 | Lair:3   | Reached XP level 14. HP: 129/129 MP: 21/21
  6227 | Lair:2   | Found a staircase to the Shoals.
  6284 | Shoals:1 | Entered Level 1 of the Shoals
  6287 | Shoals:1 | Found a transporter.
  6302 | Shoals:2 | Reached skill level 11 in Armour
  6358 | Shoals:2 | Noticed a merfolk impaler
  6448 | Shoals:1 | Killed a merfolk impaler
  6532 | Shoals:2 | Reached skill level 12 in Armour
  6633 | Shoals:3 | Received a gift from Okawaru
  6675 | Shoals:4 | Entered Level 4 of the Shoals
  6737 | Shoals:4 | Reached skill level 13 in Armour
  6865 | Shoals:4 | Noticed a merfolk impaler
  6867 | Shoals:4 | Reached skill level 14 in Armour
  6870 | Shoals:4 | Reached XP level 15. HP: 108/139 MP: 22/22
  6946 | Shoals:4 | Received a gift from Okawaru
  7052 | Shoals:4 | Reached skill level 15 in Armour
  7056 | Shoals:4 | Noticed a sphinx
  7075 | Shoals:4 | Killed a sphinx
  7076 | Shoals:4 | Reached skill level 15 in Fighting
  7091 | Shoals:4 | Got Teuged's Folio of Changing and Hexing
  7202 | Shoals:4 | Received a gift from Okawaru
  7235 | Shoals:4 | Identified the staff of earth "Ompeleh" {Drain rElec rCorr}
  7264 | Shoals:4 | Identified the +6 falchion of Calamity {flame, rPois Int+2}
                  | (Okawaru gifted it to you on level 4 of the Shoals)
  7264 | Shoals:4 | Received a gift from Okawaru
  7270 | Shoals:4 | Noticed a sphinx
  7312 | Shoals:4 | Reached skill level 16 in Armour
  7343 | Shoals:4 | Killed a sphinx
  7344 | Shoals:4 | Reached skill level 1 in Evocations
  7483 | Shoals:4 | Got a barnacled rune of Zot
  7512 | Shoals:4 | Received a gift from Okawaru
  7869 | Lair:2   | Reached XP level 16. HP: 150/150 MP: 23/23
  8095 | Lair:3   | Found a staircase to the Snake Pit.
  8112 | Snake:1  | Entered Level 1 of the Snake Pit
  8119 | Snake:1  | Reached skill level 17 in Armour
  8145 | Snake:1  | Received a gift from Okawaru
  8286 | Snake:2  | Reached skill level 5 in Evocations
  8396 | Snake:3  | Noticed Asterion
  8417 | Snake:3  | Noticed an Executioner
  8424 | Snake:3  | Killed Asterion
  8560 | Snake:3  | Identified the +8 morningstar of the Summoning King
                  | {freeze, Dex+6 Stlth-} (Okawaru gifted it to you on level 3
                  | of the Snake Pit)
  8560 | Snake:3  | Received a gift from Okawaru
  8665 | Snake:4  | Entered Level 4 of the Snake Pit
  8873 | Snake:4  | Reached skill level 18 in Armour
  8995 | Snake:4  | HP: 7/152 [naga mage/bolt of poison (6)]
  9045 | Snake:4  | HP: 7/152 [poisoned by a naga ritualist (toxic radiance)]
  9284 | Snake:3  | Found a blossoming altar of Fedhas.
  9414 | Snake:4  | Reached XP level 17. HP: 110/159 MP: 24/24
  9661 | Snake:4  | Identified the +6 scale mail of Tikk {rC++ Will+} (Okawaru
                  | gifted it to you on level 4 of the Snake Pit)
  9661 | Snake:4  | Received a gift from Okawaru
  9753 | Snake:4  | Noticed a nagaraja
  9829 | Snake:3  | Killed a nagaraja
  9834 | Snake:3  | Reached skill level 19 in Armour
 10083 | Snake:4  | Noticed a nagaraja
 10090 | Snake:4  | Noticed a nagaraja
 10097 | Snake:4  | Killed from afar by a nagaraja

Illustrated notes

Levels and vault maps discovered:
D:1:      nicolae_arrival_washed_ashore, layout_basic, minmay_tall_x
D:2:      layout_loops_ring, minmay_pentomino_pile
D:3:      layout_basic, minitemple, hellmonk_ecumenical_altar_inner_sanctum,
          chequers_arboretum, minmay_misc_feat_pillars, minmay_misc_feat_x
D:4:      layout_rooms, nzn_wu_jian_contemplation, nrook_mini_backslash,
          uniq_robin, uniq_grinder
D:5:      layout_basic, mainiacjoe_overflow_catwalk, grunt_qazlal_sundering,
          grunt_ministairs_8, minivault_25
D:6:      layout_basic, led_sif_book, nicolae_ru_path_of_blood
D:7:      statuecave_lemuel, layout_loops_corners, nemelex_dance_club_becter,
          fedhas_altar_3, minmay_temple_entry_wispy
D:8:      layout_loops_cross, serial_shops,
          nicolae_shop_temple_entry_statues_fountains, nicolae_shop_crystal
D:9:      cheibrodos_steamvent, layout_gridville, dpeg_oklobed_lair,
          ebering_ghost_gozag
Lair:1:   layout_loops_ring, beast_lair_carwin_9, uniq_harold
Lair:2:   layout_loops_ring, elwin_shoals_entry_stream, special_room
          [special_room_bee], serial_bayou_shore_b, lemuel_fruit_fields,
          uniq_prince_ribbit2
Lair:3:   layout_roguey, nicolae_snake_entry_warm_welcome, serial_bayou,
          serial_bayou_ford_a, serial_bayou_lagoon_a, serial_bayou_shore_b,
          serial_bayou_crossing, uniq_fannar
Lair:4:   layout_layer_cave, gammafunk_ghost_hive
Lair:5:   guppyfry_lair_end_dragon, layout_regular_city,
          hangedman_lair_caniforms_friends, minmay_slime_entry_jelly_boxes
Shoals:1: gammafunk_sealed_arena, layout_shoals, serial_shops, shop,
          nicolae_shoals_lost_giant_pillars
Shoals:2: layout_shoals, uniq_ilsuiw, uniq_donald, uniq_polyphemus
Shoals:3: layout_shoals, nicolae_shoals_dead_sea_scrolls
Shoals:4: shoals_end_hellmonk_lost_city
Snake:1:  layout_basic, grunt_ministairs_9, nicolae_snake_round_shape_thing,
          uniq_jorgrun, uniq_aizul
Snake:2:  layout_honeycomb, drop_trap
Snake:3:  nicolae_snake_nest, layout_misc_corridors, basic_altar,
          grunt_megastairs_1, uniq_asterion
Snake:4:  snake_pit, layout_cave_town

Skill      XL: |  1  2  3  4  5  6  7  8  9 10 11 12 13 14 15 16 17 |
---------------+----------------------------------------------------+-----
Long Blades    | 4 5 6 |  6.0
Maces & Flails | 3 6 8 11 12 | 12.7
Invocations    | 5 7 8 |  8.0
Fighting       | 4 7 9 10 13 14 15 16 | 16.8
Armour         | 2 6 8 10 14 16 18 19 | 19.1
Dodging        | 3 6 9 11 13 | 13.7
Shields        | 1 5 |  5.0
Evocations     | 3 7 8 |  8.0
Spellcasting   | |  2.6
Conjurations   | |  3.6

Action                     |  1- 3 |  4- 6 |  7- 9 | 10-12 | 13-15 | 16-18 || total
---------------------------+-------+-------+-------+-------+-------+-------++-------
  Melee: Falchion          |    89 |    68 |       |       |       |       ||   157
         Punch             |     1 |     1 |       |     3 |       |       ||     5
         Whip              |       |    36 |   199 |   467 |  1178 |   568 ||  2448
         Morningstar       |       |       |       |       |       |   105 ||   105
 Invoke: Heroism           |       |       |       |     1 |    18 |    18 ||    37
  Evoke: Wand              |       |       |       |       |     1 |     2 ||     3
         Lightning rod     |       |       |       |       |       |     3 ||     3
    Use: Scroll            |       |       |    14 |     4 |     8 |     6 ||    32
         Potion            |       |       |       |       |       |     5 ||     5
   Stab: Confused          |       |       |       |     2 |       |       ||     2
 Armour: Leather armour    |     2 |       |       |       |       |       ||     2
         Ring mail         |    43 |    58 |    81 |   133 |   107 |       ||   422
         Crystal plate arm |       |       |       |       |   418 |   403 ||   821
  Dodge: Dodged            |    46 |    57 |    67 |   212 |   564 |   344 ||  1290
         Repelled          |       |       |       |     1 |    12 |    45 ||    58
  Block: Buckler           |       |       |       |    76 |   442 |   309 ||   827

Table legend: (Time is in decaauts)
 A = Elapsed time spent in this place.
 B = Non-inter-level travel time spent in this place.
 C = Inter-level travel time spent in this place.
 D = Time resting spent in this place.
 E = Time spent auto-exploring this place.
 F = Levels seen in this place.
 G = Mean time per level.
                   A        B        C        D        E       F      G
               +--------+--------+--------+--------+--------+-----+--------+
         Total |   9062 |   8293 |    769 |      0 |   3762 |  22 |  411.9 |
       Dungeon |   3767 |   3586 |    181 |      0 |   2529 |   9 |  418.6 |
          Lair |   2461 |   2303 |    158 |      0 |    923 |   5 |  492.2 |
        Shoals |   1059 |   1037 |     22 |      0 |      5 |   4 |  264.8 |
     Snake Pit |   1773 |   1366 |    407 |      0 |    305 |   4 |  443.2 |
               +--------+--------+--------+--------+--------+-----+--------+

Top non-repeatable levels by time:
 Snake:3: 852 daAuts
  Lair:5: 802 daAuts
  Lair:2: 762 daAuts
 Snake:4: 721 daAuts
  Lair:3: 639 daAuts
Shoals:4: 613 daAuts
     D:3: 572 daAuts
     D:7: 568 daAuts
     D:1: 549 daAuts
     D:8: 466 daAuts
     D:6: 363 daAuts
     D:2: 343 daAuts
     D:5: 335 daAuts
     D:9: 319 daAuts
     D:4: 249 daAuts
